 Dungeon Crawl Stone Soup version 0.27.1-33-g824d729ab1 (webtiles) character file.

Game seed: 4692328597214712874

116 markar the Skirmisher (level 4, -5/37 HPs)
             Began as a Palentonga Fighter on Dec 14, 2021.
             Slain by a kobold (9 damage)
             ... on level 2 of the Dungeon.
             The game lasted 00:03:11 (1867 turns).

markar the Skirmisher (Palentonga Fighter)          Turns: 1867, Time: 00:03:14

Health: -5/37      AC:  8    Str: 21    XL:     4   Next: 69%
Magic:  4/4        EV:  5    Int:  8    God:
Gold:   36         SH:  9    Dex:  9    Spells: 3/3 levels left

rFire    . . .     SeeInvis +   a - +0 long sword
rCold    . . .     Faith    .   c - +0 kite shield
rNeg     . . .     Spirit   .   b - +0 scale mail
rPois    .         Reflect  .   e - +0 helmet
rElec    .         Harm     .   (no cloak)
rCorr    .         Rampage  .   (no gloves)
Will     .....                  (no barding)
Stlth    ..........             (no amulet)
HPRegen  0.12/turn              (no ring)
MPRegen  0.09/turn              (no ring)

@: no status effects
A: large, rugged brown scales 3, see invisible, deformed body, roll 1, armoured
tail
a: Rolling Charge


You were on level 2 of the Dungeon.
You visited 1 branch of the dungeon, and saw 2 of its levels.

You collected 36 gold pieces.

Inventory:

Hand Weapons
 a - a +0 long sword (weapon)
Armour
 b - a +0 scale mail (worn)
 c - a +0 kite shield (worn)
 e - a +0 helmet (worn)
Jewellery
 f - a ring of fire
Scrolls
 h - 2 scrolls of identify {unknown}
 i - a scroll of teleportation {unknown}
Potions
 d - a potion of might
 g - a potion of curing {unknown}
 j - a potion of attraction {unknown}


   Skills:
 + Level 3.4 Fighting
 + Level 3.2 Long Blades
 + Level 3.2 Armour
 + Level 0.6 Dodging
 + Level 2.9 Shields


You had 3 spell levels left.
You didn't know any spells.
Your spell library contained the following spells:

 Spells                   Type           Power      Damage    Failure   Level
 Sandblast                Erth           0%         2d4       99%         1
 Passwall                 Tmut/Erth      0%         N/A       100%        2
 Swiftness                Air            0%         N/A       100%        3
 Lee's Rapid Deconstruct  Erth           0%         3d5*      100%        5
 Invisibility             Hex            0%         N/A       100%        6


Dungeon Overview and Level Annotations

Branches:
Dungeon (2/15)

Altars:
Trog


Innate Abilities, Weirdness & Mutations

You are completely covered in rugged brown scales. (AC +3, +7% HP)
You have supernaturally acute eyesight. (SInv)
Armour fits poorly on your strangely shaped body.
You can roll at nearby foes to attack.
You have a long armoured tail.


Message History

The bat barely misses you.
You riposte.
You hit the bat.
You kill the bat!
You block the dart slug's attack.
You slash the dart slug!
The dart slug is almost dead.
The dart slug launches a dart at you. The slug dart hits you.
You block the giant cockroach's attack.
You slash the dart slug!
You kill the dart slug!
The giant cockroach barely misses you.
You riposte.
You completely miss the giant cockroach.
You hit the kobold.
Your tail-slap misses the kobold.
The kobold is heavily wounded.
You block the giant cockroach's attack. The kobold hits you but does no damage.
You are electrocuted!
You block the giant cockroach's attack. The kobold barely misses you.
You hit the kobold but do no damage.
The kobold is heavily wounded.
The giant cockroach bites you. The kobold hits you but does no damage.
You are electrocuted!
* * * LOW HITPOINT WARNING * * *
You block the giant cockroach's attack.
You hit the kobold but do no damage.
The kobold is heavily wounded.
The kobold hits you but does no damage. You block the giant cockroach's attack.
The giant cockroach bites you but does no damage.
The kobold barely misses you.
You riposte.
You hit the kobold but do no damage. You tail-slap the kobold.
The kobold is severely wounded.
You hit the kobold but do no damage.
Your tail-slap misses the kobold.
The kobold is severely wounded.
The giant cockroach bites you but does no damage.
You block the kobold's attack.
You closely miss the kobold.
The kobold is severely wounded.
The giant cockroach bites you but does no damage.
You block the kobold's attack.
The giant cockroach bites you but does no damage.
The kobold hits you with a +1 scimitar of electrocution!
You die...

#........<....##
#..............#
#..............#
####+##+#......#
#. #.#.....##
#.#.#...#.#
#....$..#.#
##...)..# #
#....@..#
#.#..KB.#
#.#.....# .
##)...# # #....#
#....# .....#
.....#


You could see a giant cockroach and a kobold.

Vanquished Creatures
  Natasha (thrice) (D:2)
  2 dart slugs (D:2)
  5 bats
  3 endoplasms
  A giant cockroach (D:1)
  3 goblins (D:2)
  6 hobgoblins
  3 jackals (D:1)
  2 quokkas (D:1)
  2 ball pythons (D:1)
  A frilled lizard (D:1)
  2 kobolds
  2 rats (D:1)
35 creatures vanquished.

Notes
Turn   | Place    | Note
-------+----------+-------------------------------------------
     0 | D:1      | markar the Palentonga Fighter began the quest for the Orb.
     0 | D:1      | Reached XP level 1. HP: 19/19 MP: 1/1
   195 | D:1      | Found a faded altar of an unknown god.
   370 | D:1      | Reached XP level 2. HP: 25/25 MP: 2/2
  1329 | D:2      | Noticed Natasha
  1339 | D:2      | Killed Natasha
  1340 | D:2      | Reached XP level 3. HP: 19/31 MP: 3/3
  1351 | D:2      | Noticed Natasha
  1548 | D:2      | Killed Natasha
  1549 | D:2      | Reached XP level 4. HP: 29/37 MP: 4/4
  1720 | D:2      | Noticed Natasha
  1729 | D:2      | Killed Natasha
  1832 | D:2      | Found a bloodstained altar of Trog.
  1867 | D:2      | Slain by a kobold

Illustrated notes

Levels and vault maps discovered:
D:1:      erik_arrival_triangle_small, layout_loops_cross,
          basic_ecumenical_altar
D:2:      layout_basic, basic_altar, uniq_natasha

Skill      XL: |  1  2  3  4 |
---------------+-------------+-----
Armour         | 3 |  3.2
Long Blades    | 3 |  3.2
Fighting       | |  3.4
Dodging        | |  0.6
Shields        | |  2.9

Action                   |  1- 3 |  4- 6 || total
-------------------------+-------+-------++-------
Melee: Long sword        |    82 |    32 ||   114
       Tailslap          |     6 |     2 ||     8
Armor: Scale mail        |    57 |    17 ||    74
Dodge: Dodged            |    24 |    15 ||    39
Block: Kite shield       |    42 |    25 ||    67
       Rpst.: Long sword |     6 |     4 ||    10
